 Dungeon Crawl Stone Soup version 0.26.1-2-gb8aa6d0cf2 (webtiles) character file.

Game seed: 15543918142738205689

27 nightchill the Grasshopper (level 3, 0/36 HPs)
             Began as a Halfling Warper on Feb 10, 2021.
             Succumbed to kobold's curare-tipped dart
             ... on level 1 of the Dungeon.
             The game lasted 00:02:14 (1116 turns).

nightchill the Grasshopper (Halfling Warper)        Turns: 1116, Time: 00:02:15

Health: 0/36       AC:  3    Str: 13    XL:     3   Next: 25%
Magic:  5/5        EV: 14    Int: 11    God:
Gold:   36         SH:  0    Dex: 13    Spells: 5/5 levels left

rFire    . . .     SeeInvis .   a - +0 short sword
rCold    . . .     Faith    .   (shield restricted)
rNeg     . . .     Spirit   .   b - +0 leather armour
rPois    .         Reflect  .   (no helmet)
rElec    .         Harm     .   (no cloak)
rCorr    .         Rampage  .   (no gloves)
Will     .....                  (no boots)
Stlth    ..........             (no amulet)
HPRegen  0.12/turn              (no ring)
MPRegen  0.09/turn              (no ring)

@: berserking (expiring), lethally poisoned (0 -> -11), slowed
A: small, mutation resistance 1
a: no special abilities


You were on level 1 of the Dungeon.
You visited 1 branch of the dungeon, and saw 1 of its levels.

You collected 36 gold pieces.

Inventory:

Hand Weapons
 a - a +0 short sword (weapon)
Missiles
 e - 5 boomerangs of dispersal (quivered)
Armour
 b - a +0 leather armour (worn)
 i - a cursed +0 chain mail
Scrolls
 d - a scroll of blinking
 f - a scroll of teleportation {unknown}
 g - a scroll of identify {unknown}
 h - a scroll of remove curse {unknown}
 k - a scroll of enchant weapon {unknown}
Potions
 c - a potion of berserk rage
 j - a potion of mutation {unknown}


   Skills:
 + Level 2.1 Fighting
 * Level 3.2 Short Blades
 - Level 1.0 Throwing
 - Level 1.1 Armour
 - Level 2.1 Dodging
 + Level 0.4 Stealth
 + Level 1.8 Spellcasting
 + Level 3.5 Translocations


You had 5 spell levels left.
You didn't know any spells.
Your spell library contained the following spells:

 Spells                   Type           Power        Failure   Level
 Blink                    Tloc           N/A          13%         2
 Gell's Gravitas          Tloc           4%           26%         3
 Lesser Beckoning         Tloc           4%           26%         3
 Teleport Other           Tloc           8%           26%         3
 Passage of Golubria      Tloc           N/A          65%         4


Dungeon Overview and Level Annotations

Branches:
Dungeon (1/15)

Altars:


Innate Abilities, Weirdness & Mutations

You are small and have problems with some larger weapons.
You are somewhat resistant to further mutation.


Message History

* * * LOW HITPOINT WARNING * * *
You feel sick.
You feel a strong urge to attack something.
* * * LOW HITPOINT WARNING * * *
You feel sick.
Your leather armour prevents you from hitting the kobold.
* * * LOW HITPOINT WARNING * * *
You feel sick. The kobold misses you.
You barely miss the kobold.
* * * LOW HITPOINT WARNING * * *
You feel sick. The kobold hits you with a +0 dagger.
* * * LOW HITPOINT WARNING * * *
You barely miss the kobold.
* * * LOW HITPOINT WARNING * * *
You feel sick. The kobold closely misses you.
You hit the kobold.
You kill the kobold!
* * * LOW HITPOINT WARNING * * *
You feel sick.
You die...

.# #.###.#.## #. .#
#############.####..# #.
.# #...................#
#.
†####.############.##...#
#. ......##### #)##...#
#. ###>#.....#
###.##...########.
..#.#.###.#
##.................
#.#.#.#
#.#####....###.##########
#.#.#.###....((.@......#
.........######....#####
......##...........#
...#############.### #...
..# ##### ####


There were no monsters in sight!

Vanquished Creatures
  2 leopard geckos (D:1)
  3 bats (D:1)
  A giant cockroach (D:1)
  3 goblins (D:1)
  3 hobgoblins (D:1)
  4 jackals (D:1)
  2 frilled lizards (D:1)
  2 kobolds (D:1)
  2 rats (D:1)
22 creatures vanquished.

Notes
Turn   | Place    | Note
-------+----------+-------------------------------------------
     0 | D:1      | nightchill the Halfling Warper began the quest for the Orb.
     0 | D:1      | Reached XP level 1. HP: 14/14 MP: 3/3
   197 | D:1      | Reached XP level 2. HP: 17/19 MP: 4/4
  1055 | D:1      | Reached XP level 3. HP: 24/24 MP: 5/5
  1115 | D:1      | HP: 1/36 [poisoned by kobold (curare-tipped dart)]
  1116 | D:1      | Succumbed to kobold's curare-tipped dart

Illustrated notes

Levels and vault maps discovered:
D:1:      heliophobic_arrival_dark_side_of_the_moon, layout_loops_ring,
          kennysheep_small_spiral

Skill      XL: |  1  2 |
---------------+-------+-----
Fighting       | 2 |  2.1
Short Blades   | 3 |  3.2
Throwing       | |  1.0
Armour         | |  1.1
Dodging        | |  2.1
Stealth        | |  0.4
Spellcasting   | |  1.8
Translocations | |  3.5

Action                   || total
-------------------------++-------
Melee: Short sword       ||    79
  Use: Potion            ||     1
Armor: Leather armour    ||    19
Dodge: Dodged            ||    57
